Map: Acid Plant LE

Players

Flamie

  • Race: Terran Terran
  • League: Platinum
  • Spawn Location: 11:00

ErebusBlack - Winner!

  • Race: Zerg Zerg
  • League: Platinum
  • Spawn Location: 5:00

VOD

Have the link to the VOD?

Description

Time

  • Played on: Feb. 7, 2018, 4:10 a.m.
  • Length: 17:06
Show
View Real Time Build Order
Export as new Build Order

Flamie Terran 

Build Orders: Reaper Expand 

Get SALT Encoding   

  12  0:01  SCV  
  13  0:13  SCV  
  14  0:17  Supply Depot  
  14  0:25  SCV  
  15  0:31  Refinery  
  15  0:39  SCV  
  16  0:49  Barracks  
  16  0:53  SCV  
  17  1:05  SCV  
  18  1:17  SCV  
  19  1:36  Orbital Command, Reaper  
  20  1:44  Command Center  
  20  1:58  Factory  
  20  2:02  SCV  
  21  2:11  Barracks Reactor  
  21  2:12  Supply Depot  
  21  2:16  SCV  
  22  2:35  SCV  
  23  2:40  Refinery  
  23  2:47  Starport  
  23  2:55  Hellion x2  
  23  2:56  Orbital Command  
  27  3:11  SCV  
  28  3:16  Hellion x2  
  32  3:21  Supply Depot  
  32  3:26  SCV x2  
  34  3:31  Supply Depot  
  34  3:37  Medivac  
  34  3:38  Hellion  
  38  3:50  SCV x2  
  38  3:54  Barracks Reactor  
  40  4:00  Supply Depot  
  40  4:02  Hellion x2  
  44  4:14  Armory  
  44  4:15  Viking  
  45  4:23  SCV  
  45  4:24  SCV  
  49  4:43  Barracks  
  48  4:52  Hellion x2  
  51  4:53  Barracks Tech Lab  
  51  4:58  SCV x2  
  51  4:59  Engineering Bay x2  
  53  5:03  Refinery  
  53  5:04  Medivac x2  
  57  5:19  Barracks  
  57  5:23  SCV x2  
  59  5:28  Stimpack  
  59  5:31  Command Center  
  59  5:35  SCV  
  59  5:36  SCV  
  59  5:39  Liberator  
  59  5:41  Barracks Reactor  
  61  5:43  Marine  
  61  5:47  SCV  
  61  5:48  Barracks  
  61  5:49  Factory Tech Lab  
  66  6:04  Marine  
  67  6:05  SCV x2  
  67  6:08  Barracks Reactor  
  69  6:18  Marine, Refinery  
  69  6:21  Terran Infantry Weapons Level 1  
  70  6:25  Supply Depot  
  70  6:42  Marine x3  
  67  6:53  SCV x2  
  67  6:55  Marine  
  67  6:56  Marine x3  
  67  6:58  Terran Infantry Armor Level 1  
  67  6:59  Terran Vehicle Weapons Level 1  
  67  7:00  Siege Tank, Marine x3  
  77  7:02  Liberator  
  77  7:05  SCV x2  
  79  7:16  Marine x2  
  79  7:17  Marine x2  
  79  7:19  Medivac  
  88  7:27  Supply Depot  
  88  7:28  Supply Depot  
  88  7:37  Barracks  
  88  7:39  Marine x3  
  88  7:40  Marine x2  
  88  7:42  Factory  
  93  7:48  SCV x2, Marine  
  93  7:49  Supply Depot  
  90  8:38  Marine x2  
  90  8:39  Marine x5  
  97  8:48  Factory Tech Lab  
  97  8:49  Siege Tank  
  97  8:51  Supply Depot  
  100  8:56  Marine x4  
  100  8:57  Marine x3  
  100  9:00  Supply Depot x2  
  107  9:04  Liberator x2  
  107  9:09  Siege Tank  
  110  9:14  Marine x2  
  106  9:18  Marine x2  
  106  9:19  Marine x3  
  106  9:21  Siege Tank  
  120  9:32  Marine  
  121  9:41  Siege Tank  
  124  9:51  Refinery  
  124  9:53  Siege Tank  
  124  9:56  Refinery  
  127  10:03  Sensor Tower  
  127  10:04  Medivac  
  129  10:08  Terran Infantry Weapons Level 2, Terran Infantry Armor Level 2  
  129  10:13  Siege Tank  
  100  10:39  Marine x7  
  107  10:43  Siege Tank  
  107  10:45  Siege Tank  
  113  10:57  Command Center, Marine x7  
  113  10:59  SCV  
  121  11:05  Liberator  
  121  11:14  Marine  
  121  11:15  Marine x6  
  128  11:18  SCV  
  128  11:19  SCV  
  128  11:21  Siege Tank  
  136  11:32  Marine  
  131  11:33  Marine x6  
  99  11:50  Marine  
  99  11:51  Marine x2  
  99  11:52  Marine x4  
  104  11:56  Planetary Fortress  
  104  12:02  Siege Tank x2  
  104  12:08  Marine x2  
  111  12:09  Marine  
  111  12:10  Marine  
  114  12:17  SCV x2  
  114  12:19  SCV  
  117  12:26  Marine  
  117  12:27  Marine x2  
  117  12:29  SCV x2  
  122  12:31  SCV  
  122  12:34  Siege Tank x2  
  127  12:41  SCV  
  102  12:57  Liberator  
  102  13:12  Marine x7  
  107  13:13  Siege Tank x2  
  107  13:14  Medivac  
  107  13:18  SCV x3  
  124  13:21  Orbital Command  
  123  13:30  SCV x3  
  123  13:31  Marine x3  
  123  13:32  Marine x4  
  133  13:35  Terran Infantry Weapons Level 3, Terran Infantry Armor Level 3  
  133  13:42  SCV  
  133  13:44  Medivac  
  136  13:49  Marine x4  
  140  13:57  Medivac  
  140  13:58  Marine  
  140  13:59  Marine x2  
  141  14:07  Marine x4  
  125  14:16  Marine x2  
  104  14:17  Marine  
  104  14:18  Siege Tank x2  
  112  14:25  Marine x4  
  113  14:34  Marine x3  
  88  14:42  Marine  
  88  14:43  Marine x3  
  83  14:50  Siege Tank x2  
  83  14:52  Marine x3  
Show
View Real Time Build Order
Export as new Build Order

ErebusBlack Zerg - Winner!

Build Orders: Hatch First 

Get SALT Encoding   

  12  0:00  Drone  
  13  0:12  Overlord  
  13  0:18  Drone  
  14  0:31  Drone x2  
  14  0:35  Drone  
  17  0:53  Hatchery  
  17  0:56  Drone  
  17  1:00  Drone  
  18  1:06  Extractor  
  17  1:16  Spawning Pool  
  16  1:20  Drone  
  16  1:22  Drone  
  18  1:28  Drone  
  19  1:40  Overlord  
  19  1:59  Drone  
  20  2:05  Zergling x2  
  20  2:07  Zergling x2  
  22  2:10  Hatchery  
  22  2:15  Queen  
  23  2:25  Queen  
  25  2:31  Metabolic Boost  
  25  2:47  Drone x4  
  25  2:48  Drone  
  30  2:52  Drone  
  31  3:19  Drone x4  
  35  3:20  Drone  
  35  3:22  Overlord  
  35  3:23  Overlord  
  35  3:25  Overlord  
  36  3:36  Drone x5  
  41  3:42  Queen  
  42  4:00  Drone  
  42  4:01  Drone x8  
  51  4:07  Extractor  
  51  4:09  Extractor  
  49  4:12  Evolution Chamber  
  49  4:16  Evolution Chamber, Drone x3  
  50  4:17  Spore Crawler  
  49  4:28  Lair  
  49  4:29  Overlord  
  49  4:30  Overlord  
  49  4:42  Roach Warren  
  49  4:44  Drone  
  49  4:47  Zerg Missile Weapons Level 1, Zerg Ground Armor Level 1  
  49  4:49  Zergling x2  
  49  4:50  Zergling x4  
  52  4:57  Pneumatized Carapace  
  52  5:02  Drone x5  
  57  5:13  Drone x2  
  60  5:14  Drone x5  
  60  5:16  Drone  
  65  5:24  Roach x3  
  71  5:37  Roach  
  71  5:38  Overlord  
  71  5:40  Overlord  
  71  5:41  Overlord  
  71  5:42  Overlord  
  73  5:47  Drone  
  74  5:58  Roach x6  
  86  6:07  Hatchery  
  86  6:08  Drone x5  
  90  6:12  Extractor  
  90  6:13  Drone  
  90  6:14  Extractor  
  90  6:17  Drone x3  
  90  6:18  Extractor  
  91  6:20  Glial Reconstitution  
  91  6:22  Roach x5  
  100  6:36  Roach x3  
  100  6:51  Drone  
  100  6:52  Drone  
  100  6:54  Drone x2  
  104  7:01  Overseer  
  104  7:04  Overlord  
  104  7:05  Overlord  
  104  7:06  Overlord  
  104  7:07  Overlord  
  104  7:14  Drone x2  
  106  7:19  Zerg Missile Weapons Level 2, Zerg Ground Armor Level 2  
  106  7:30  Drone  
  106  7:31  Drone x3  
  106  7:35  Roach x9  
  128  7:42  Spore Crawler, Hydralisk Den, Drone x2  
  128  8:06  Roach x8  
  128  8:07  Overlord x3  
  128  8:08  Overlord x2  
  126  8:27  Roach x6  
  126  8:28  Roach x8  
  124  8:35  Roach  
  124  8:36  Roach x2  
  124  8:37  Roach  
  126  8:51  Hydralisk x4  
  134  8:57  Queen  
  134  9:00  Hydralisk x4  
  144  9:04  Grooved Spines  
  144  9:10  Spine Crawler, Spore Crawler  
  144  9:14  Infestation Pit  
  141  9:19  Hydralisk x2  
  141  9:20  Hydralisk x6  
  157  9:43  Hydralisk x5  
  167  9:55  Spore Crawler, Overlord x5  
  167  9:56  Overlord  
  166  10:02  Overseer  
  166  10:12  Roach  
  168  10:16  Muscular Augments  
  130  10:36  Hydralisk x18  
  166  10:50  Spire  
  166  10:52  Drone x11  
  166  10:53  Drone  
  166  10:55  Drone  
  166  10:56  Drone  
  179  11:32  Spore Crawler  
  140  11:45  Hydralisk x15  
  140  11:46  Hydralisk x4  
  134  11:55  Extractor  
  134  11:58  Extractor  
  132  12:04  Hive  
  132  12:23  Drone x2  
  132  12:25  Hydralisk x10, Hatchery  
  147  12:54  Hydralisk x10  
  147  12:55  Hydralisk  
  169  13:02  Spore Crawler x2  
  169  13:03  Spore Crawler  
  169  13:04  Spore Crawler  
  165  13:12  Spore Crawler  
  164  13:14  Spore Crawler  
  164  13:16  Greater Spire  
  164  13:17  Corruptor  
  164  13:18  Corruptor x2  
  169  13:33  Zerg Missile Weapons Level 3  
  169  13:38  Zerg Melee Weapons Level 1  
  169  13:42  Corruptor  
  169  13:44  Zergling x30  
  169  13:45  Zergling x2  
  155  14:08  Zergling x30  
  154  14:13  Zergling x6  
  157  14:25  Hydralisk x3  
  157  14:36  Hydralisk  
  157  14:37  Hydralisk x3  
  146  14:54  Hydralisk x4  
  146  14:58  Zergling x2  
  146  14:59  Zergling x4  
  146  15:05  Zergling x6  
  146  15:11  Spore Crawler  
  146  15:14  Drone x3  
  146  15:15  Drone  
  146  15:16  Drone  
  146  15:28  Drone x2  
  146  15:29  Drone x4  
  146  15:36  Swarm Host x2  
  146  15:37  Zergling x2  
  146  15:40  Zergling x2  
  146  15:41  Zergling x2  
  146  15:48  Zergling x8  
  146  15:50  Zergling x2  
  146  16:04  Overlord x2  
  146  16:08  Extractor  
  146  16:13  Spore Crawler  
  146  16:14  Extractor  
  146  16:32  Drone x3  
  146  16:33  Hydralisk  
  146  16:34  Hydralisk x5  
  146  16:40  Hatchery, Brood Lord  
  146  16:43  Extractor  
  146  16:44  Zergling x2  
  146  16:45  Zergling x6  
Tags
 
Add a new tag
Caveats
  • Supply blocks, unpowered buildings, or Contaminate may cause inaccurate times.
  • Supply counts are checked every 10 seconds.